 Dungeon Crawl Stone Soup version 0.29.0-3-gbb0933ed62 (webtiles) character file.

Game seed: 2520997627646885597

233 Numpty the Chopper (level 6, -2/53 HPs)
             Began as a Hill Orc Fighter on Aug 25, 2022.
             Slain by an iguana (7 damage)
             ... on level 3 of the Dungeon.
             The game lasted 00:14:29 (2373 turns).

Numpty the Chopper (Hill Orc Fighter)               Turns: 2373, Time: 00:14:30

Health: -2/53      AC:  9    Str: 21    XL:     6   Next: 4%
Magic:  6/6        EV:  9    Int:  8    God:
Gold:   91         SH:  5    Dex: 15    Spells: 5/5 levels left

rFire   . . .      SeeInvis .   a - +0 war axe
rCold   . . .      Faith    .   c - +0 buckler
rNeg    . . .      Spirit   .   b - +0 scale mail
rPois   .          Reflect  .   (no helmet)
rElec   .          Harm     .   l - +0 cloak of Virtue {Dex+5}
rCorr   .          Rampage  .   m - +0 pair of gloves
Will    .....                   (no boots)
Stlth   ..........              (no amulet)
HPRegen 0.17/turn               (no ring)
MPRegen 0.10/turn               (no ring)

@: no status effects
A: no striking features
a: no special abilities


You were on level 3 of the Dungeon.
You visited 1 branch of the dungeon, and saw 3 of its levels.

You collected 91 gold pieces.

Inventory:

Hand Weapons
 a - a +0 war axe (weapon)
Armour
 b - a +0 scale mail (worn)
 c - a +0 buckler (worn)
 i - a +0 chain mail
 l - the +0 cloak of Virtue (worn) {Dex+5}
   (You found it on level 2 of the Dungeon)

   Dex:       It affects your dexterity (+5).
 m - a +0 pair of gloves (worn)
Scrolls
 e - 2 scrolls of fog
 f - 2 scrolls of identify {unknown}
 g - 2 scrolls of noise {unknown}
 p - a scroll of summoning {unknown}
 q - a scroll of enchant weapon {unknown}
Potions
 d - a potion of might
 h - a potion of resistance {unknown}
 j - a potion of mutation {unknown}
 k - a potion of flight {unknown}
 n - a potion of magic {unknown}
 o - a potion of cancellation {unknown}
 r - a potion of heal wounds {unknown}
 s - a potion of degeneration {unknown}


   Skills:
 + Level 4.5 Fighting
 + Level 5.5 Axes
 + Level 4.3 Armour
 + Level 1.1 Dodging
 + Level 0.3 Stealth
 + Level 3.9 Shields


You had 5 spell levels left.
You didn't know any spells.
Your spell library contained the following spells:

 Spells                   Type           Power      Damage    Failure   Level
 Foxfire                  Conj/Fire      0%         2x1d4     83%         1
 Sublimation of Blood     Necr           0%         N/A       92%         2
 Wereblood                Tmut           0%         N/A       92%         2
 Conjure Flame            Conj/Fire      0%         6-21      99%         3
 Inner Flame              Hex/Fire       0%         N/A       99%         3
 Flame Wave               Conj/Fire      0%         2d4       100%        4
 Summon Hydra             Summ           0%         N/A       100%        7


Dungeon Overview and Level Annotations

Branches:
Dungeon (3/15)

Altars:


Message History

The iguana bites you but does no damage.
You barely miss the iguana.
The iguana is lightly wounded.
The iguana bites you!
You slash the iguana!
The iguana is severely wounded.
The iguana bites you!
You hit the iguana but do no damage.
The iguana is severely wounded.
You block the iguana's attack. The iguana closely misses you.
You barely miss the iguana.
The iguana is severely wounded.
The iguana bites you.
You hit the iguana but do no damage.
The iguana is severely wounded.
The iguana barely misses you.
You hit the iguana but do no damage.
The iguana is severely wounded.
The iguana bites you!
* * * LOW HITPOINT WARNING * * *
You closely miss the iguana.
The iguana is severely wounded.
The iguana bites you!
* * * LOW HITPOINT WARNING * * *
The iguana bites you.
* * * LOW HITPOINT WARNING * * *
You closely miss the iguana.
The iguana is severely wounded.
The iguana bites you but does no damage.
You closely miss the iguana.
The iguana is severely wounded.
The iguana barely misses you.
You hit the iguana.
The iguana is severely wounded.
You block the iguana's attack.
You barely miss the iguana.
The iguana is severely wounded.
The iguana bites you but does no damage.
The iguana bites you!
You die...

#.######.###.##.####
#.# ...# #....#
#.####.### ###..##
#......# #...#
#..#.### ###.#
#..#.# #.###
#..#.### #....
#..#...# #....##
#..@l..# #..###
##.#.#...# #....
........#.# .# #..##
#########.# .... >.
.......## ##
####.#..##
#####.##..##
#...........
#.........#


You could see an iguana.

Vanquished Creatures
  Sigmund (D:2)
  Terence (D:2)
  An adder (D:2)
  A worm (D:3)
  3 endoplasms
  A giant cockroach (D:3)
  3 hobgoblins (D:1)
  3 quokkas
  3 ball pythons
  7 bats
  5 frilled lizards
  2 goblins
  7 kobolds
  9 rats
47 creatures vanquished.

Vanquished Creatures (others)
  13 plants (D:3)
13 creatures vanquished.

Grand Total: 60 creatures vanquished

Notes
Turn   | Place    | Note
-------+----------+-------------------------------------------
     0 | D:1      | Numpty the Hill Orc Fighter began the quest for the Orb.
     0 | D:1      | Reached XP level 1. HP: 19/19 MP: 1/1
   282 | D:1      | Reached XP level 2. HP: 20/27 MP: 2/2
   377 | D:1      | Reached skill level 3 in Axes
   969 | D:2      | Reached XP level 3. HP: 33/33 MP: 3/3
  1180 | D:2      | Noticed Terence
  1196 | D:2      | Killed Terence
  1197 | D:2      | Reached XP level 4. HP: 28/40 MP: 4/4
  1385 | D:2      | Noticed Sigmund
  1396 | D:2      | Killed Sigmund
  1397 | D:2      | Reached skill level 5 in Axes
  1397 | D:2      | Reached skill level 1 in Dodging
  1397 | D:2      | Reached XP level 5. HP: 28/47 MP: 5/5
  1619 | D:2      | Identified the +0 cloak of Virtue {Dex+5}
  1902 | D:3      | Reached XP level 6. HP: 53/53 MP: 6/6
  2028 | D:3      | Found a faded altar of an unknown god.
  2373 | D:3      | Slain by an iguana

Illustrated notes

Levels and vault maps discovered:
D:1:      minmay_arrival_hallway, layout_basic
D:2:      layout_loops_ring, uniq_terence, uniq_sigmund
D:3:      layout_basic, shapermc_ecumenical_altar_hornbeckon, minmay_quantized

Skill      XL: |  1  2  3  4 |
---------------+-------------+-----
Axes           | 3 5 |  5.5
Fighting       | 4 |  4.5
Armour         | 4 |  4.3
Dodging        | 1 |  1.1
Stealth        | |  0.3
Shields        | |  3.9

Action                   |  1- 3 |  4- 6 || total
-------------------------+-------+-------++-------
Melee: War axe           |    86 |   110 ||   196
  Use: Scroll            |       |     1 ||     1
Armor: Scale mail        |    36 |    34 ||    70
Dodge: Dodged            |    51 |    32 ||    83
Block: Buckler           |    31 |    18 ||    49
